 Dungeon Crawl Stone Soup version 0.32-a0-953-g508020473e (webtiles) character file.

Game seed: 382276986644637853

2322902 ragingrage the Djinni Aeon (level 27, 192/192 HPs)
             Began as a Djinni Warper on Apr 17, 2024.
             Was the Champion of Cheibriados.
             Escaped with the Orb
             ... and 4 runes!
             The game lasted 02:04:34 (70619 turns).

ragingrage the Djinni Aeon (Djinni Warper)         Turns: 70619, Time: 02:04:35

Health: 192/192    AC: 25    Str: 21    XL:     27
Gold:   7024       EV: 29    Int: 48    God:    Cheibriados [******] SH: 32 Dex: 39

rFire   + + +        a - +9 double sword (freeze)
rCold   + . .        F - +5 tower shield {rC+}
rNeg    + + .        P - +7 ring mail "Hietoxzuene" {rPois Str-4 Int+2 Slay+5}
rPois   ∞            g - +2 helmet {SInv}
rElec   +            H - +4 dragonskin cloak {Aegis}
rCorr   .            S - +0 pair of fencer's gloves {Riposte Dex+3}
SInv    +            (boots unavailable)
Will    ++...        n - amulet of regeneration
Stlth   +            U - ring "Mufusuuph" {rF+ rC+ rN+ Int+6}
HPRegen 1.32/turn    E - ring of the Saviour {rElec rN+ Dex+4 Stlth-}

%: clarity
@: flying, very slow
A: sickness immunity, fire resistance 2, cold vulnerability 1, float, innate
caster, HP casting, extra vitality 1, clarity, screaming 1
0: Orb of Zot
}: 4/15 runes: serpentine, barnacled, slimy, silver
a: Renounce Religion, Bend Time, Temporal Distortion, Slouch, Step From Time


You escaped.
You worshipped Cheibriados.
Cheibriados was exalted by your worship.
You visited 11 branches of the dungeon, and saw 53 of its levels.
You visited the Abyss 1 time.
You also visited: Trove, Sewer, Bailey and Wizlab.

You collected 10341 gold pieces.
You spent 3317 gold pieces at shops.

Inventory:

Hand Weapons
 a - a +9 double sword of freezing (weapon)
 b - the +6 Majin-Bo {spellvamp, MP+6 Int+6}
   (You found it on level 4 of the Realm of Zot)

   Int+6:     It affects your intelligence (+6).
   MP+6:      It affects your magic capacity (+6).
Missiles
 O - 16 throwing nets
Armour
 g - a +2 helmet of see invisible (worn)
 F - a +5 tower shield of cold resistance (worn)
 H - the +4 dragonskin cloak (worn) {Aegis}
   (You took it off Tiamat on level 3 of the Realm of Zot)

   Avatar's Aegis: It grants the wearer a chance to resist fire, cold, poison,
   electricity, acid, and negative energy.
 P - the +7 ring mail "Hietoxzuene" (worn) {rPois Str-4 Int+2 Slay+5}
   (You found it on level 9 of the Dungeon)

   Str-4:     It affects your strength (-4).
   Int+2:     It affects your intelligence (+2).
   Slay+5:    It affects your accuracy & damage with ranged weapons and melee
   (+5).
   rPois:     It protects you from poison.
 S - the +0 pair of fencer's gloves (worn) {Riposte Dex+3}
   (You bought it in a shop on level 5 of the Vaults)

   Riposte:   It allows the wearer to riposte with melee weapons, swiftly
   retaliating against missed or blocked melee attacks.
   Dex+3:     It affects your dexterity (+3).
Magical Staves
 y - the staff of Butchery {rF+ rC+++ Will- Dex+5 Fire}
   (You found it on level 3 of the Elven Halls)

   [staff of fire]

   Base accuracy: +5 Base damage: 5 Base attack delay: 1.2 This weapon's minimum
   attack delay (0.6) is reached at skill level 12.
   Dex+5:     It affects your dexterity (+5).
   rF+:       It protects you from fire.
   rC+++:     It renders you almost immune to cold.
   Will-:     It decreases your willpower.
   Fire:      It increases the power of your Fire spells.
   It falls into the 'Staves' category.
   It is a one-handed weapon.
Jewellery
 c - the ring "Xixkidus" {rC+ rN++ rCorr Dex-5 Stlth+}
   (You found it in a treasure trove)

   [ring of protection from cold]

   Dex-5:     It affects your dexterity (-5).
   rC+:       It protects you from cold.
   rN++:      It greatly protects you from negative energy.
   rCorr:     It protects you from acid and corrosion.
   Stlth+:    It makes you more stealthy.
 n - an amulet of regeneration (around neck)
 E - the ring of the Saviour (right hand) {rElec rN+ Dex+4 Stlth-}
   (You took it off a wight on level 6 of the Dungeon)

   [ring of positive energy]

   Dex+4:     It affects your dexterity (+4).
   rElec:     It insulates you from electricity.
   rN+:       It protects you from negative energy.
   Stlth-:    It makes you less stealthy.
 R - the ring "Quuhyfes" {AC+4 Dex+4 Stlth-}
   (You found it on level 5 of the Pits of Slime)

   [ring of protection]

   AC+4:      It affects your AC (+4).
   Dex+4:     It affects your dexterity (+4).
   Stlth-:    It makes you less stealthy.
 U - the ring "Mufusuuph" (left hand) {rF+ rC+ rN+ Int+6}
   (You acquired it on level 1 of the Realm of Zot)

   [ring of intelligence]

   Int+6:     It affects your intelligence (+6).
   rF+:       It protects you from fire.
   rC+:       It protects you from cold.
   rN+:       It protects you from negative energy.
 X - the ring "Yreithreaxt" {Fly Str+4 SInv}
   (You found it on level 5 of the Lair of Beasts)

   [ring of flight]

   Str+4:     It affects your strength (+4).
   SInv:      It lets you see invisible.
   Fly:       It grants you flight.
Wands
 x - a wand of digging (25)
 A - a wand of warping (40)
 B - a wand of mindburst (58)
 G - a wand of charming (65)
 I - a wand of flame (99)
 Q - a wand of acid (24)
 V - a wand of polymorph (18)
Scrolls
 d - a scroll of silence
 e - 6 scrolls of blinking
 j - a scroll of acquirement
 k - 10 scrolls of fog
 m - 14 scrolls of immolation
 o - 10 scrolls of revelation
 p - 23 scrolls of teleportation
 t - 13 scrolls of noise
 v - 11 scrolls of poison
 C - 8 scrolls of fear
 T - 7 scrolls of summoning
Potions
 f - 24 potions of curing
 h - 10 potions of enlightenment
 l - 7 potions of ambrosia
 q - 5 potions of resistance
 u - 12 potions of brilliance
 w - 3 potions of attraction
 z - 17 potions of heal wounds
 J - 6 potions of invisibility
 K - 9 potions of lignification
 L - 2 potions of berserk rage
 M - 9 potions of might
 W - 11 potions of mutation
 Y - 2 potions of cancellation
Miscellaneous
 i - a sack of spiders
 r - a condenser vane
 s - a phantom mirror
 Z - a lightning rod (4/4)


   Skills:
 + Level 15.6 Fighting
 - Level 16.0 Long Blades
 - Level 0.7 Throwing
 - Level 13.0 Armour
 - Level 15.0 Dodging
 - Level 4.0 Stealth
 - Level 17.9 Shields
 - Level 23.7 Spellcasting
 - Level 23.7 Conjurations
 - Level 23.7 Hexes
 - Level 23.7 Summonings
 - Level 23.7 Necromancy
 - Level 23.7 Translocations
 - Level 23.7 Fire Magic
 - Level 23.7 Ice Magic
 - Level 23.7 Air Magic
 - Level 23.7 Earth Magic
 - Level 23.7 Alchemy
 - Level 24.0 Invocations
 - Level 9.0 Evocations


You knew the following spells:

 Your Spells              Type           Power      Damage    Failure   Level
a - Death Channel         Necr           68%        N/A       0%          6
b - Lesser Beckoning      Tloc           100%       N/A       0%          2
c - Teleport Other        Tloc           100%       N/A       0%          3
d - Maxwell's Portable P  Tloc           100%       2d(15-43) 0%          3
e - Vhi's Electric Charg  Tloc/Air       100%       N/A       0%          4
f - Foxfire               Conj/Fire      100%       2x1d9     0%          1
g - Mercury Vapours       Alch/Air       100%       N/A       0%          2
h - Stone Arrow           Conj/Erth      100%       3d13      0%          3
i - Petrify               Alch/Erth      100%       N/A       0%          4
j - Iskenderun's Mystic   Conj/Tloc      100%       2d19      (+2d10%     4
k - Curse of Agony        Necr           100%       N/A       0%          5
l - Dispersal             Tloc           68%        N/A       0%          6
m - Blink                 Tloc           100%       N/A       0%          2
n - Enfeeble              Hex            68%        N/A       1%          7
o - Ignition              Fire           68%        3d18      1%          8
p - Magnavolt             Erth/Air       68%        3d26      1%          7
q - Shatter               Erth           68%        3d50*     4%          9
r - Polar Vortex          Ice            68%        12d9*     4%          9
Your spell library was empty.

Dungeon Overview and Level Annotations

Branches:
Dungeon (15/15)            Temple (0/1) D:5            Lair (5/5) D:8
 Shoals (4/4) Lair:2        Snake (4/4) Lair:3        Slime (5/5) Lair:5
    Orc (2/2) D:9             Elf (3/3) Orc:2        Vaults (5/5) D:13
  Crypt (0/3) Vaults:2     Depths (4/4) D:15           Hell (visited)
    Dis (0/7) Hell            Geh (0/7) Hell            Coc (0/7) Hell
    Tar (0/7) Hell            Zot (5/5) Depths:4      Sewer (visited)
 Bailey (visited)          WizLab (visited)

Altars:
Ashenzari
Cheibriados
Gozag
Okawaru
Ru
Trog
Xom
Beogh
Jiyva

Shops:
D:9 (   Orc:1 *   Orc:2 ?(?=*   Shoals:3 (*:   Snake:1 ?!   Vaults:1 !**==[
Vaults:2 *   Vaults:5 [   Depths:1 :[=((   Depths:4 **

Portals:
Hell: Depths:1 Depths:2 Depths:3 Depths:4
Abyss: Depths:3
Pandemonium: Depths:2 Depths:3
Ziggurat: Depths:3

Annotations:
D:3 2 runed translucent doors, asd2613's ghost, amateur TeRe
D:5 1 runed translucent door, Ikimono's ghost, novice DgEE
D:8 2 transporters, 1 exclusion, NotBatman's ghost, novice MfGl
D:9 3 transporters
D:14 exclusion: downstairs
Lair:1 2 runed translucent doors, porpoise's ghost, journeyman DsGl
Elf:2 5 runed translucent doors
Depths:3 exclusion: door
Zot:4 exclusion: downstairs


Innate Abilities, Weirdness & Mutations

You are immune to sickness and miasma.
You are immune to poison.
Your flesh is very heat resistant. (rF++)
You are vulnerable to cold. (rC-)
You float through the air rather than walking.
You learn spells naturally, not from books.
Your magical power is your life essence.
You have superior vitality. (+4 MHP)
You possess an exceptional clarity of mind.
You occasionally shout uncontrollably at your foes.


Message History

There is a stone staircase leading up here.
You fly upwards.
There is a stone staircase leading down here.
You see here a +0 club.
There is a stone staircase leading up here.
You fly upwards.
Level annotation: 2 runed translucent doors, asd2613's ghost, amateur TeRe
There is a stone staircase leading down here.
There is a stone staircase leading up here.
You fly upwards.
There is a stone staircase leading down here.
There is an open door here.
A lorocyproca comes into view.
Casting: Vhi's Electric Charge (safe; 0% risk of failure)
A great freezing vortex appears around you.
You block the lorocyproca's attack.
You riposte.
You slash the lorocyproca! You freeze the lorocyproca.
You kill the lorocyproca!
Cheibriados appreciates the change of pace.
The winds around you start to calm down.
You are engulfed in whirling frost.
The winds around you calm down.
(D) Dungeon (T) Temple (L) Lair (A) Shoals (P) Snake Pit (M) Slime Pits (O) Orcish Mines (E) Elven Halls (V) Vaults (C) Crypt (U) Depths (H) Hell (I) Dis (G) Gehenna (X) Cocytus (Y) Tartarus (Z) Zot
Where to? (Tab/Enter - D:1 @ (x,y), ? - help)
There is a stone staircase leading up here.
You fly upwards.
There is a stone staircase leading down here.
There is a staircase leading out of the dungeon here.
(D) Dungeon (T) Temple (L) Lair (A) Shoals (P) Snake Pit (M) Slime Pits (O) Orcish Mines (E) Elven Halls (V) Vaults (C) Crypt (U) Depths (H) Hell (I) Dis (G) Gehenna (X) Cocytus (Y) Tartarus (Z) Zot
Where to? (Tab/Enter - D:1 @ (x,y), ? - help)
There is a staircase leading out of the dungeon here.
You have escaped!

#.#...# #..........#
#)#...# #...##.....#
#.#...# ######.....#
##.#...# #####..#...
#..#...# #..........
##.##...# #.......###
#..##...# #.......# #
##.###...# ###.#####
#..###.@.## #h#
##.###.....## #.#
##..##..ß.>..## #.#
###..##.........## #.#
#...##.....#.."..###.##
##.###.....###.....##[.#
#..##.....##
##.....##.## #.##.....##
##.....#†.# #.#.....##
##.....#.#


There were no monsters in sight!

Vanquished Creatures
  the Royal Jelly (Slime:5)
  Frederick (Vaults:3)
  3 ancient liches
  Tiamat (Zot:3)
  11 orbs of fire
  Mennas (Depths:4)
  A juggernaut (Depths:2)
  Vashnia (Snake:3)
  5 Killer Klowns
  Saint Roka (Vaults:4)
  Margery (Vaults:5)
  Geryon (Hell)
  14 golden dragons
  3 curse toes
  A bone dragon (Zot:3)
  Nikola (Snake:3)
  Jory (Depths:3)
  23 tentacled monstrosities
  3 electric golems
  26 Orb Guardians
  Mlioglotl (Shoals:2)
  2 walking crystal tomes (WizLab)
  Jorgrun (Snake:1)
  A Hell Sentinel (D:13)
  A walking frostbound tome (WizLab)
  A kraken (Shoals:4)
  A searing wretch (Vaults:5)
  3 titans
  2 deep elf master archers (Elf:3)
  3 quicksilver dragons
  Murray (Hell)
  2 deep elf blademasters (Elf:3)
  22 acid blobs
  6 death cobs
  3 sphinxes
  14 shadow dragons
  Aizul (Snake:2)
  15 azure jellies
  7 tengu reavers
  17 storm dragons
  13 nagarajas
  6 protean progenitors
  A revenant (Hell)
  2 strange machines (WizLab)
  7 rockslimes
  8 draconian monks
  7 deep elf sorcerers
  8 draconian shifters
  7 fire giants
  6 frost giants
  4 draconian knights
  14 vault wardens
  3 ghost moths
  2 iron dragons
  3 deep elf elementalists (Elf:3)
  5 balrugs
  3 draconian scorchers
  6 draconian stormcallers
  2 orc warlords (Vaults:1)
  7 reapers
  12 very ugly things
  24 ironbound preservers
  A broodmother (Zot:1)
  19 quicksilver oozes
  12 stone giants
  4 spriggan defenders
  5 ironbound thunderhulks
  11 draconian annihilators
  6 formless jellyfish
  6 vampire knights
  7 deep elf annihilators
  9 deep elf demonologists
  2 putrid mouths (Hell)
  9 purple draconians
  10 green draconians
  10 deep elf death magi
  10 yellow draconians
  3 black draconians
  8 white draconians
  A lorocyproca (D:2)
  5 dire elephants
  10 red draconians
  2 war gargoyles
  10 ettins
  3 green deaths
  8 fire dragons
  13 eidola
  2 blizzard demons
  9 merfolk impalers
  6 rakshasas
  2 crystal guardians
  7 deep elf high priests
  7 great orbs of eyes
  12 yaktaur captains
  5 peacekeepers
  37 vault guards
  A salamander tyrant (Snake:1)
  4 hydras
  4 spriggan air magi
  4 hell beasts
  3 ogre magi
  5 merfolk avatars
  A spriggan skeleton (Hell)
  10 ice dragons
  2 radroaches (Zot:1)
  7 ironbound frosthearts
  2 catoblepae
  7 two-headed ogres
  4 boulder beetles
  3 merfolk aquamancers (Shoals:4)
  19 dancing weapons
  12 death yaks
  22 centaur warriors
  15 anacondas
  An orc high priest (Orc:2)
  6 deep troll earth magi (Depths:3)
  A thrashing horror (Abyss:2)
  3 deep troll shamans
  4 hell hogs (Hell)
  3 demonic crawlers (Hell)
  3 tengu warriors
  5 vampire magi
  8 shock serpents
  A titan zombie (Hell)
  2 occultists
  17 naga warriors
  10 sun demons
  2 crystal echidnas (Hell)
  21 naga sharpshooters
  3 skysharks
  2 soul eaters (Hell)
  7 shadow wraiths (Depths:3)
  10 deep elf knights
  10 hell knights
  5 salamander mystics
  13 skeletal warriors
  7 iron trolls
  31 deep trolls
  3 death drakes (Zot:5)
  17 sea snakes
  A sun moth (shapeshifter) (Vaults:4)
  9 deep elf archers
  An anaconda zombie (Abyss:2)
  7 arcanists
  13 naga ritualists
  3 glowing orange brains
  5 flayed ghosts (Depths:3)
  13 phantasmal warriors
  7 mana vipers
  12 harpies
  29 ironbound convokers
  Pikel (D:6)
  An orange crystal statue (Hell)
  15 orc knights
  An obsidian bat (Orc:2)
  27 deep elf pyromancers
  12 necromancers
  9 lindwurms
  12 thermic dynamos
  25 deep elf zephyrmancers
  7 shining eyes
  9 fauns
  13 cyclopes
  22 ugly things
  18 manticores
  A frost giant zombie (Vaults:1)
  18 salamanders
  7 orc sorcerers
  A tengu skeleton (Vaults:1)
  45 black mambas
  28 moths of wrath
  A meliai (shapeshifter) (D:15)
  5 guardian serpents
  2 dire elephant zombies (Hell)
  2 elephants (shapeshifter) (Vaults:5)
  16 naga magi
  Joseph (D:8)
  17 elephants
  3 kobold blastminers
  2 eyes of devastation
  7 merfolk sirens
  A rust devil (Hell)
  11 cane toads
  20 vault sentinels
  2 orange demons (Abyss:2)
  5 molten gargoyles (Hell)
  3 unseen horrors
  5 water nymphs
  4 smoke demons (Hell)
  A torpor snail (Lair:1)
  3 gargoyles
  4 large abominations (Abyss:2)
  An eye of devastation (shapeshifter) (Depths:3)
  2 kobold demonologists (D:12)
  A hellion (Hell)
  12 komodo dragons
  13 yaktaurs
  A naga skeleton (Hell)
  6 rime drakes
  An efreet (D:15)
  A freezing wraith (Vaults:5)
  3 tengu conjurers
  2 ancient zymes (Abyss:2)
  A tormentor (D:9)
  2 ice devils
  A red devil (Depths:2)
  19 merfolk
  A merfolk (shapeshifter) (Vaults:5)
  5 wind drakes
  7 trolls
  4 raiju (Abyss:2)
  5 hornets
  5 polar bears
  8 saltlings (Orc:2)
  A tyrant leech (Zot:4)
  An ice dragon zombie (Hell)
  8 blink frogs
  6 glass eyes
  18 dream sheep
  7 snapping turtles
  A stone giant simulacrum (Hell)
  Sigmund (D:6)
  90 slime creatures
  A slime creature (shapeshifter) (Vaults:5)
  5 spriggans
  An ettin skeleton (Hell)
  2 wraiths
  20 water elementals
  A vampire (Bailey)
  A ynoxinul (D:9)
  An air elemental (Elf:2)
  A fire elemental (Depths:2)
  A golden eye (shapeshifter) (D:15)
  13 humans (D:13)
  2 wargs
  48 yaks
  A redback (Orc:2)
  2 golden eyes (Slime:5)
  2 steam dragons
  13 vampire mosquitoes
  A neqoxec (Abyss:2)
  8 basilisks
  Menkaure (D:7)
  50 nagas
  A two-headed ogre zombie (Hell)
  A harpy simulacrum (Hell)
  4 acid dragons
  7 hydra simulacra (Depths:2)
  22 water moccasins
  19 orc warriors
  A boggart (Vaults:1)
  2 small abominations (Abyss:2)
  An ice beast (D:7)
  3 sky beasts
  7 black bears
  23 wolves
  4 ogres
  9 centaurs
  A lemure (D:5)
  14 bullfrogs
  4 kobold brigands
  A human zombie (Vaults:1)
  A brain worm (Abyss:2)
  2 gnoll sergeants
  A human skeleton (Vaults:1)
  An earth elemental (Elf:1)
  A scorpion (shapeshifter) (Vaults:5)
  18 wights
  4 scorpions
  2 howler monkeys
  7 killer bees (D:10)
  4 electric eels
  8 vampire bats (Bailey)
  6 wolf zombies (Bailey)
  2 bombardier beetles (D:3)
  3 jellies (Lair:5)
  15 orc priests
  3 hounds
  14 starcursed masses (Abyss:2)
  3 gnoll boudas
  A sleepcap (D:5)
  Terence (D:2)
  20 orc wizards
  24 gnolls
  19 orc zombies (Bailey)
  8 adders
  7 river rats (Sewer)
  2 white imps (D:5)
  2 ribbon worms (D:3)
  5 dart slugs
  75 orcs
  11 ball pythons
  9 endoplasms
  4 giant cockroaches
  16 goblins
  13 hobgoblins
  4 jackals (D:1)
  41 kobolds
  3 quokkas
  6 bats
  6 frilled lizards
  20 rats
  2 aspiring fleshes
  6 tentacles (Shoals:4)
2365 creatures vanquished.

Vanquished Creatures (collateral kills)
  An acid blob (Slime:2)
  A shadow dragon (Zot:4)
  3 nagarajas (Snake:4)
  A rockslime (Slime:2)
  A vault warden (Vaults:2)
  3 ironbound preservers
  2 green draconians (Zot:3)
  2 yellow draconians (Zot:3)
  A fire dragon (Depths:1)
  2 merfolk impalers (Shoals:4)
  A yaktaur captain (Vaults:2)
  2 vault guards (Vaults:2)
  A centaur warrior (Shoals:2)
  An ironbound frostheart (Vaults:1)
  An anaconda (Snake:1)
  A dancing weapon (Elf:1)
  2 naga warriors
  A deep elf knight (Elf:1)
  9 deep trolls
  A sea snake (Shoals:4)
  An ironbound convoker (Vaults:2)
  2 lindwurms (Vaults:2)
  2 deep elf zephyrmancers (Elf:1)
  A necromancer (D:13)
  A deep elf pyromancer (Elf:2)
  3 harpies (Shoals:2)
  3 manticores (Shoals:4)
  A shining eye (Slime:2)
  A cyclops (Shoals:3)
  A faun (Shoals:1)
  A merfolk siren (Shoals:3)
  2 black mambas (Snake:1)
  A water nymph (Shoals:1)
  A vault sentinel (Vaults:2)
  A yaktaur (Vaults:2)
  10 merfolk
  A wind drake (Shoals:2)
  A tyrant leech (Zot:4)
  A snapping turtle (Shoals:4)
  3 slime creatures (Slime:2)
  A water elemental (Elf:2)
  2 humans (D:13)
  5 nagas
83 creatures vanquished.

Vanquished Creatures (others)
  A draconian knight (Zot:2)
  A draconian annihilator (Depths:4)
  A white draconian (Zot:2)
  An alligator (Lair:5)
  An anaconda (Snake:3)
  A dancing weapon (WizLab)
  A deep elf pyromancer (Elf:1)
  A salamander (Snake:1)
  A fire elemental (Elf:2)
  An acid dragon (Zot:3)
  17 foxfires
  A lurking horror (Abyss:2)
  5 tentacles (Shoals:4)
33 creatures vanquished.

Grand Total: 2481 creatures vanquished

Notes
Turn   | Place    | Note
-------+----------+-------------------------------------------
     0 | D:1      | ragingrage the Djinni Warper began the quest for the Orb.
     0 | D:1      | ragingrage set off with the following spells memorised:
                  | Blink, Lesser Beckoning, Teleport Other, Maxwell's Portable
                  | Piledriver, Vhi's Electric Charge.
     0 | D:1      | Reached XP level 1. HP: 18/18 MP: 0/0
    76 | D:1      | Reached XP level 2. HP: 16/23 MP: 0/0
   338 | D:1      | Reached XP level 3. HP: 25/28 MP: 0/0
   338 | D:1      | Learned a level 1 spell: Foxfire
  1039 | D:2      | Reached skill level 1 in Stealth
  1308 | D:2      | Reached XP level 4. HP: 33/33 MP: 0/0
  1955 | D:2      | Noticed Terence
  1995 | D:2      | Killed Terence
  1996 | D:2      | Reached XP level 5. HP: 37/38 MP: 0/0
  1996 | D:2      | Learned a level 2 spell: Mercury Vapours
  2073 | D:3      | Found a snail-covered altar of Cheibriados.
  2331 | D:3      | Reached XP level 6. HP: 41/43 MP: 0/0
  2335 | D:3      | Found a faded altar of an unknown god.
  2854 | D:3      | Became a worshipper of Cheibriados the Contemplative
  2875 | D:3      | Found a large runed translucent door.
  2875 | D:3      | Found a large runed translucent door.
  2895 | D:3      | Noticed asd2613's ghost (amateur TeRe)
  3268 | D:4      | Found a glowing drain.
  3299 | Sewer    | Entered a sewer
  3384 | Sewer    | Reached * piety under Cheibriados
  3491 | Sewer    | Reached ** piety under Cheibriados
  4151 | D:4      | Reached XP level 7. HP: 49/49 MP: 0/0
  4151 | D:4      | Learned a level 3 spell: Stone Arrow
  4457 | D:4      | Reached *** piety under Cheibriados
  4623 | D:5      | Entered Level 5 of the Dungeon
  4625 | D:5      | Noticed a water moccasin
  4629 | D:5      | Killed a water moccasin
  4630 | D:5      | Reached skill level 5 in Long Blades
  4713 | D:5      | Reached skill level 5 in Spellcasting
  4713 | D:5      | Reached skill level 5 in Conjurations
  4713 | D:5      | Reached skill level 5 in Hexes
  4713 | D:5      | Reached skill level 5 in Summonings
  4713 | D:5      | Reached skill level 5 in Necromancy
  4713 | D:5      | Reached skill level 5 in Translocations
  4713 | D:5      | Reached skill level 5 in Fire Magic
  4713 | D:5      | Reached skill level 5 in Ice Magic
  4713 | D:5      | Reached skill level 5 in Air Magic
  4713 | D:5      | Reached skill level 5 in Earth Magic
  4713 | D:5      | Reached skill level 5 in Alchemy
  4920 | D:5      | Reached XP level 8. HP: 53/54 MP: 0/0
  5068 | D:5      | Found a staircase to the Ecumenical Temple.
  5422 | D:5      | Found a runed translucent door.
  5427 | D:5      | Reached **** piety under Cheibriados
  5441 | D:5      | Noticed Ikimono's ghost (novice DgEE)
  5815 | D:6      | Noticed Sigmund
  5850 | D:6      | Killed Sigmund
  5851 | D:6      | Reached XP level 9. HP: 55/58 MP: 0/0
  5851 | D:6      | Learned a level 4 spell: Petrify
  6067 | D:6      | Noticed Pikel
  6074 | D:6      | Killed Pikel
  6086 | D:6      | Identified the ring of the Saviour {rElec rN+ Dex+4 Stlth-}
  6207 | D:6      | Found a shimmering altar of Xom.
  6248 | D:6      | Reached ***** piety under Cheibriados
  6263 | D:6      | Reached XP level 10. HP: 55/64 MP: 0/0
  6661 | D:7      | Noticed Menkaure
  6664 | D:7      | Killed Menkaure
  6734 | D:7      | Reached skill level 10 in Spellcasting
  6734 | D:7      | Reached skill level 10 in Conjurations
  6734 | D:7      | Reached skill level 10 in Hexes
  6734 | D:7      | Reached skill level 10 in Summonings
  6734 | D:7      | Reached skill level 10 in Necromancy
  6734 | D:7      | Reached skill level 10 in Translocations
  6734 | D:7      | Reached skill level 10 in Fire Magic
  6734 | D:7      | Reached skill level 10 in Ice Magic
  6734 | D:7      | Reached skill level 10 in Air Magic
  6734 | D:7      | Reached skill level 10 in Earth Magic
  6734 | D:7      | Reached skill level 10 in Alchemy
  7315 | D:8      | Found a staircase to the Lair.
  7328 | D:8      | Reached skill level 1 in Invocations
  7342 | D:8      | Reached skill level 2 in Invocations
  7398 | D:8      | Found a flagged portal.
  7408 | Bailey   | Entered a bailey
  7447 | Bailey   | Reached ****** piety under Cheibriados
  7589 | Bailey   | Reached skill level 3 in Invocations
  7774 | Bailey   | Noticed a gargoyle
  7776 | Bailey   | Killed a gargoyle
  7777 | Bailey   | Reached skill level 4 in Invocations
  7777 | Bailey   | Reached XP level 11. HP: 54/74 MP: 0/0
  7777 | Bailey   | Learned a level 4 spell: Iskenderun's Mystic Blast
  7827 | Bailey   | Found the +3 Mad Mage's Maulers {Infuse+∞ VampMP -Cast}
  7834 | Bailey   | Identified the +4 plate armour of Yredelemnul's Outrage
                  | {rF+ Str+3}
  8095 | D:8      | Noticed Joseph
  8109 | D:8      | Killed Joseph
  8110 | D:8      | Reached skill level 5 in Fighting
  8213 | D:8      | Noticed a two-headed ogre
  8217 | D:8      | Killed a two-headed ogre
  8218 | D:8      | Reached skill level 5 in Invocations
  8686 | D:8      | Found a transporter.
  8688 | D:8      | Noticed NotBatman's ghost (novice MfGl)
  8961 | D:8      | Found a transporter.
  9000 | D:9      | Found a staircase to the Orcish Mines.
  9097 | D:9      | Reached skill level 6 in Invocations
  9241 | D:9      | Identified the +7 ring mail "Hietoxzuene" {rPois Str-4
                  | Int+2 Slay+5}
  9284 | D:9      | Found a transporter.
  9284 | D:9      | Found a transporter.
  9284 | D:9      | Noticed a boulder beetle
  9294 | D:9      | Found Sessin's Weapon Boutique.
  9469 | D:9      | Found a bloodstained altar of Trog.
  9581 | D:9      | Found a transporter.
  9842 | D:10     | Entered Level 10 of the Dungeon
  9846 | D:10     | Noticed a cyan ugly thing
  9851 | D:10     | Killed a cyan ugly thing
  9879 | D:10     | Found a sacrificial altar of Ru.
  9942 | D:10     | Reached skill level 5 in Armour
 10214 | D:10     | Reached skill level 7 in Invocations
 11389 | D:11     | Noticed a two-headed ogre
 11395 | D:11     | Killed a two-headed ogre
 11396 | D:11     | Reached XP level 12. HP: 75/81 MP: 0/0
 11572 | D:11     | Reached skill level 8 in Invocations
 11920 | D:12     | Noticed a boulder beetle
 11927 | D:12     | Killed a boulder beetle
 11970 | D:12     | Noticed a boulder beetle
 11979 | D:11     | Killed a boulder beetle
 11992 | D:12     | Noticed a two-headed ogre
 12086 | D:12     | Reached skill level 10 in Armour
 12182 | D:12     | Killed a two-headed ogre
 12353 | D:12     | Reached XP level 13. HP: 48/87 MP: 0/0
 12353 | D:12     | Learned a level 5 spell: Curse of Agony
 12811 | Lair:1   | Entered Level 1 of the Lair of Beasts
 12845 | D:8      | Reached skill level 1 in Shields
 13320 | Lair:1   | Found a large runed translucent door.
 13320 | Lair:1   | Found a large runed translucent door.
 13323 | Lair:1   | Noticed porpoise's ghost (journeyman DsGl)
 13351 | Lair:1   | Reached skill level 5 in Dodging
 13855 | Lair:2   | Found a staircase to the Shoals.
 14759 | Lair:3   | Reached XP level 14. HP: 97/101 MP: 0/0
 14977 | Lair:3   | Found a staircase to the Snake Pit.
 15612 | Lair:4   | Reached skill level 10 in Fighting
 15630 | Lair:4   | Reached skill level 10 in Dodging
 15682 | Lair:4   | Reached skill level 1 in Evocations
 16373 | Lair:5   | Entered Level 5 of the Lair of Beasts
 16562 | Lair:5   | Found a staircase to the Slime Pits.
 16566 | Lair:5   | Found a viscous altar of Jiyva.
 16783 | Lair:5   | Noticed a dire elephant
 16801 | Lair:5   | Reached skill level 9 in Invocations
 16809 | Lair:5   | Killed a dire elephant
 16960 | Lair:5   | Reached XP level 15. HP: 108/109 MP: 0/0
 16960 | Lair:5   | Learned a level 6 spell: Dispersal
 17549 | Lair:5   | Reached skill level 5 in Evocations
 18027 | Lair:5   | Identified the +0 orcbow of Harref {flame, rF+ Int+3}
 18033 | Lair:5   | Identified the ring "Yreithreaxt" {Fly Str+4 SInv}
 18289 | Orc:1    | Entered Level 1 of the Orcish Mines
 18446 | Orc:1    | Found Osicehud's Overcharged Wands.
 18729 | Orc:2    | Entered Level 2 of the Orcish Mines
 18732 | Orc:2    | Paralysed by an orc sorcerer for 5 turns
 18776 | Orc:2    | Reached skill level 10 in Invocations
 18979 | Orc:2    | Noticed Nessos
 18980 | Orc:2    | Nessos changed into Nessos the redback
 18980 | Orc:2    | Noticed Nessos
 18981 | Orc:2    | Killed Nessos the redback
 19085 | Orc:2    | Identified a scroll of acquirement
 19293 | Orc:2    | Found Hanepav's Magic Scroll Boutique.
 19301 | Orc:2    | Bought a scroll of enchant armour for 90 gold pieces
 19301 | Orc:2    | Bought a scroll of enchant armour for 90 gold pieces
 19301 | Orc:2    | Bought a scroll of teleportation for 36 gold pieces
 19301 | Orc:2    | Bought a scroll of noise for 12 gold pieces
 19781 | Orc:2    | Found a staircase to the Elven Halls.
 20199 | Orc:2    | Found Loes's Antique Weapon Emporium.
 20245 | Orc:2    | Found Tewozil's Jewellery Shop.
 20294 | Orc:2    | Found a roughly hewn altar of Beogh.
 20295 | Orc:2    | Found Mudocw's Magic Scroll Shop.
 20301 | Orc:2    | Bought a scroll of teleportation for 42 gold pieces
 20327 | Orc:2    | Found Liesylu's General Store.
 20380 | Orc:2    | Bought a potion of curing for 51 gold pieces
 20811 | D:13     | Reached XP level 16. HP: 92/118 MP: 0/0
 20986 | D:13     | Identified the +0 trident "Naitz" {freeze, Str-3 Dex+3
                  | SInv}
 21228 | D:13     | Identified the ring "Banutill" {rPois Int+6}
 21300 | D:13     | Reached skill level 11 in Invocations
 22175 | D:14     | Found an iron altar of Okawaru.
 22183 | D:14     | You are sucked into a shaft and drop 1 floor!
 22183 | D:15     | Entered Level 15 of the Dungeon
 23807 | D:15     | Found a staircase to the Depths.
 24423 | Snake:1  | Entered Level 1 of the Snake Pit
 24431 | Snake:1  | Reached skill level 12 in Invocations
 24475 | Snake:1  | Found Acoha's Magic Scroll Shop.
 24546 | Snake:1  | Bought a scroll of teleportation for 54 gold pieces
 24546 | Snake:1  | Bought a scroll of teleportation for 54 gold pieces
 24583 | Snake:1  | Reached XP level 17. HP: 122/129 MP: 0/0
 24583 | Snake:1  | Learned a level 6 spell: Death Channel
 24705 | Snake:1  | Found Oseledipn's Distillery.
 24727 | Snake:1  | Bought a potion of enlightenment for 60 gold pieces
 24727 | Snake:1  | Bought a potion of resistance for 120 gold pieces
 24727 | Snake:1  | Bought a potion of mutation for 96 gold pieces
 24789 | Snake:1  | Identified the +1 scale mail "Masaneh" {-Tele +Inv rN++}
 24835 | Snake:1  | Noticed Jorgrun
 24884 | Snake:1  | Killed Jorgrun
 26108 | Snake:2  | Noticed Donald
 26111 | Snake:2  | Donald changed into Donald the quicksilver ooze
 26111 | Snake:2  | Noticed Donald
 26116 | Snake:2  | Killed Donald the quicksilver ooze
 26763 | Snake:2  | Identified the serpent talisman of the Nexus {rN++ Str-4
                  | SInv Stlth+}
 26763 | Snake:2  | Noticed Aizul
 26771 | Snake:2  | Killed Aizul
 26866 | Snake:2  | Reached XP level 18. HP: 89/135 MP: 0/0
 27234 | Snake:3  | Reached skill level 5 in Shields
 27298 | Snake:3  | Reached skill level 10 in Long Blades
 27505 | Snake:3  | Noticed Nikola
 27536 | Snake:3  | Killed Nikola
 27938 | Snake:3  | Noticed Vashnia
 28388 | Snake:3  | Killed Vashnia
 28709 | Snake:4  | Entered Level 4 of the Snake Pit
 29376 | Snake:4  | Reached XP level 19. HP: 101/140 MP: 0/0
 29376 | Snake:4  | Learned a level 7 spell: Enfeeble
 30166 | Snake:4  | Got a serpentine rune of Zot
 30948 | Shoals:1 | Entered Level 1 of the Shoals
 31260 | Shoals:1 | Acquired 1121 gold pieces
 31267 | Shoals:1 | Acquired a +4 double sword of freezing
 31856 | Shoals:2 | Noticed Mlioglotl
 31867 | Shoals:2 | Killed Mlioglotl
 32017 | Shoals:2 | Reached skill level 10 in Shields
 32764 | Shoals:3 | Found Momot's Weapon Boutique.
 32826 | Shoals:3 | Found Diubyoz's Mass Market.
 33373 | Shoals:3 | Found Adaitagg's Book Shop.
 33599 | Shoals:4 | Entered Level 4 of the Shoals
 33660 | Shoals:4 | Identified the +11 great sword "Arayn" {heavy, Fly rElec
                  | Dex+4}
 33674 | Shoals:4 | Reached XP level 20. HP: 125/147 MP: 0/0
 33868 | Shoals:4 | Got a barnacled rune of Zot
 34695 | Shoals:4 | Reached skill level 15 in Long Blades
 35128 | Elf:1    | Entered Level 1 of the Elven Halls
 35128 | Elf:1    | Found a runed translucent gate.
 35128 | Elf:1    | Found a runed translucent gate.
 35128 | Elf:1    | Found a runed translucent gate.
 35128 | Elf:1    | Found a runed translucent gate.
 35128 | Elf:1    | Found a runed translucent gate.
 35128 | Elf:1    | Found a runed translucent gate.
 35131 | Elf:1    | Found a runed translucent door.
 35145 | Elf:1    | Found a runed translucent door.
 35756 | Elf:1    | Noticed an Ice Fiend
 36199 | Elf:1    | Reached skill level 15 in Spellcasting
 36199 | Elf:1    | Reached skill level 15 in Conjurations
 36199 | Elf:1    | Reached skill level 15 in Hexes
 36199 | Elf:1    | Reached skill level 15 in Summonings
 36199 | Elf:1    | Reached skill level 15 in Necromancy
 36199 | Elf:1    | Reached skill level 15 in Translocations
 36199 | Elf:1    | Reached skill level 15 in Fire Magic
 36199 | Elf:1    | Reached skill level 15 in Ice Magic
 36199 | Elf:1    | Reached skill level 15 in Air Magic
 36199 | Elf:1    | Reached skill level 15 in Earth Magic
 36199 | Elf:1    | Reached skill level 15 in Alchemy
 36648 | Elf:2    | Paralysed by an air elemental for 1 turns
 36723 | Elf:2    | Reached XP level 21. HP: 147/152 MP: 0/0
 36723 | Elf:2    | Learned a level 8 spell: Ignition
 36824 | Elf:2    | Found a huge runed translucent gate.
 36824 | Elf:2    | Found a huge runed translucent gate.
 36824 | Elf:2    | Found a huge runed translucent gate.
 36824 | Elf:2    | Found a huge runed translucent gate.
 36827 | Elf:2    | Found a huge runed translucent gate.
 37196 | Elf:2    | Found a portal to a secret trove of treasure.
 37415 | Elf:2    | You paid a toll of 7 scrolls of fear to enter a treasure
                  | trove
 37416 | Trove    | Entered a treasure trove
 37420 | Trove    | Identified the ring "Xixkidus" {rC+ rN++ rCorr Dex-5
                  | Stlth+}
 37425 | Trove    | Identified the +1 leather armour of Minohyri {rC+ Str+2}
 37453 | Trove    | Identified the +0 helmet of the Wasteland {+Inv Dex+3}
 37737 | Elf:3    | Entered Level 3 of the Elven Halls
 38963 | Elf:3    | Identified the +0 plate armour of Analysis {rElec Will+}
 39082 | Elf:3    | Identified the ring "Besuew" {MP+9 Dex+4 Stlth+}
 39112 | Elf:3    | Identified the +3 lajatang of Vylahacviw {speed, rElec
                  | rPois MP-9 Dex-4}
 39112 | Elf:3    | Identified the ring of Hepliaklqana's Hatred {+Blink rPois
                  | rF+ Str+4 Dex+6}
 39595 | Elf:3    | Identified the +3 mace "Cynlec" {drain, *Corrode rElec
                  | Dex+2 Stlth+}
 39603 | Elf:3    | Identified the +2 war axe of Destiny {pain, *Slow rElec
                  | rPois rN++}
 39627 | Elf:3    | Identified the +4 whip "Nis Onobodd" {vamp, *Slow +Blink
                  | Dex+4 Stlth+}
 40109 | Elf:3    | Identified the +0 morningstar "Olorep" {venom, *Slow +Blink
                  | rF+ rCorr}
 40109 | Elf:3    | Identified the ring "Lituse" {Fly rF+ Str+2}
 40136 | Abyss:2  | Cast into level 2 of the Abyss (a deep elf sorcerer)
 40337 | Abyss:2  | Found a corrupted altar of Lugonu.
 40708 | Elf:3    | Escaped the Abyss
 41107 | Elf:3    | Identified the staff of Butchery {rF+ rC+++ Will- Dex+5
                  | Fire}
 41170 | Elf:3    | Found the +27 heavy crossbow "Sniper" {heavy, Acc+∞ SInv}
 41543 | D:13     | Found a gate to the Vaults.
 41579 | D:13     | Identified the +0 ring mail of the Onion {*Corrode rC-
                  | Will++ Dex+2}
 41596 | Vaults:1 | Entered Level 1 of the Vaults
 41605 | Vaults:1 | Found Etochoc's General Store.
 41745 | Vaults:1 | Reached XP level 22. HP: 155/160 MP: 0/0
 41872 | Vaults:1 | Found Foxenika's General Store.
 41884 | Vaults:1 | Bought a scroll of summoning for 123 gold pieces
 41884 | Vaults:1 | Bought a scroll of immolation for 52 gold pieces
 42041 | Vaults:1 | Reached skill level 15 in Fighting
 42181 | Vaults:1 | Found Sobruese's Jewellery Shop.
 42225 | Vaults:1 | Found Reiru's Jewellery Emporium.
 42443 | Vaults:1 | Found Leliety's Distillery.
 42451 | Vaults:1 | Bought a potion of curing for 54 gold pieces
 42451 | Vaults:1 | Bought a potion of curing for 54 gold pieces
 42451 | Vaults:1 | Bought a potion of ambrosia for 144 gold pieces
 42451 | Vaults:1 | Bought a potion of ambrosia for 144 gold pieces
 42451 | Vaults:1 | Bought a potion of heal wounds for 90 gold pieces
 42816 | Vaults:1 | Found Qabooppa's Armour Emporium.
 43441 | Vaults:2 | Found Gavoleaf's Assorted Antiques.
 43826 | Vaults:2 | Found a staircase to the Crypt.
 44147 | Vaults:3 | Acquired a manual of Shields
 44206 | Vaults:3 | Identified the +7 dagger "Ror Fibbero" {pain, rN+ MP-9
                  | Dex+5}
 44216 | Vaults:3 | Reached XP level 23. HP: 166/166 MP: 0/0
 44216 | Vaults:3 | Learned a level 7 spell: Magnavolt
 44645 | Vaults:3 | Identified the orb of the Treeataur {light, Fire}
 44645 | Vaults:3 | Noticed Frederick
 44655 | Vaults:3 | Killed Frederick
 45344 | Vaults:3 | Reached skill level 15 in Dodging
 45577 | Vaults:4 | Noticed Saint Roka
 45587 | Vaults:4 | Killed Saint Roka
 45848 | Vaults:4 | Reached skill level 15 in Shields
 46703 | Vaults:4 | Reached XP level 24. HP: 161/173 MP: 0/0
 47517 | Depths:1 | Entered Level 1 of the Depths
 47517 | Depths:1 | Found a gateway to Hell.
 47627 | Depths:1 | Found a magical portal.
 47715 | WizLab   | Entered Tukima's Studio
 47750 | WizLab   | Identified the +2 longbow "Zalucl Xaqi" {speed, Int+4}
 47852 | WizLab   | Noticed ragingrage's illusion
 47913 | WizLab   | Noticed ragingrage's illusion
 47920 | WizLab   | Noticed ragingrage's illusion
 47982 | WizLab   | Identified the +2 hat of Immorality {rPois rF- rCorr Dex-3}
 48141 | Depths:1 | Found an opulent altar of Gozag.
 48283 | Depths:1 | Found Zuskab's Book Boutique.
 48339 | Depths:1 | Found Vewnonuq's Antique Armour Boutique.
 48341 | Depths:1 | You are sucked into a shaft and drop 1 floor!
 48400 | Depths:1 | Found Duqo's Jewellery Emporium.
 48445 | Depths:1 | Found Zaud's Weapon Emporium.
 48710 | Depths:1 | Found Hiluqe's Antique Weapon Shoppe.
 49530 | Depths:2 | Found a one-way gate leading to the halls of Pandemonium.
 49609 | Depths:2 | Identified the +8 arbalest of Niahony {flame, rElec Dex+3}
 49702 | Depths:2 | Noticed a juggernaut
 49985 | Depths:2 | Killed a juggernaut
 50123 | Depths:2 | Identified the +8 great sword of Fee Simple {freeze, rC+
                  | Str+4}
 50385 | Depths:3 | Reached XP level 25. HP: 154/178 MP: 0/0
 50385 | Depths:3 | Learned a level 9 spell: Shatter
 50553 | Depths:3 | Found a broken altar of Ashenzari.
 50611 | Depths:3 | Found a one-way gateway to a ziggurat.
 50725 | Depths:3 | Found a one-way gate to the infinite horrors of the Abyss.
 51179 | Depths:3 | Noticed Jory
 51715 | Depths:3 | Killed Jory
 51802 | Depths:3 | Paralysed by a vampire knight for 5 turns
 52116 | Depths:4 | Entered Level 4 of the Depths
 52634 | Depths:4 | Found Sacexzat's General Store.
 52636 | Depths:4 | Found Kimurasy's Specific Store.
 53035 | Depths:4 | Noticed Mennas
 53079 | Depths:4 | Killed Mennas
 53176 | Depths:4 | Found a gate to the Realm of Zot.
 53855 | Vaults:5 | Entered Level 5 of the Vaults
 53876 | Vaults:5 | Noticed an ancient lich
 53893 | Vaults:4 | Killed an ancient lich
 54039 | Vaults:4 | Gained mutation: You occasionally shout uncontrollably at
                  | your foes. [mutagenic glow]
 54116 | Vaults:5 | Noticed Margery
 54148 | Vaults:5 | Killed Margery
 54150 | Vaults:5 | Reached XP level 26. HP: 154/184 MP: 0/0
 54632 | Vaults:5 | Identified the +9 falchion "Dycsur" {elec, rPois Will+
                  | Int-2}
 55553 | Vaults:5 | Found Afuveurr's Antique Armour Shop.
 55581 | Vaults:5 | Bought the +0 pair of fencer's gloves {Riposte Dex+3} for
                  | 880 gold pieces
 55581 | Vaults:5 | Found the +0 pair of fencer's gloves {Riposte Dex+3}
 55597 | Vaults:5 | Got a silver rune of Zot
 56317 | Zot:1    | Entered Level 1 of the Realm of Zot
 56726 | Zot:1    | Acquired the ring "Mufusuuph" {rF+ rC+ rN+ Int+6}
 57189 | Snake:1  | Bought a scroll of enchant armour for 135 gold pieces
 57189 | Snake:1  | Bought a scroll of acquirement for 936 gold pieces
 57624 | Zot:1    | You are sucked into a shaft and drop 1 floor!
 58463 | Zot:2    | Noticed a Killer Klown
 58474 | Zot:2    | Killed a Killer Klown
 59057 | Zot:2    | Identified the +1 robe "Bofie" {Str+2 Dex+3 Slay+2}
 59082 | Zot:2    | Reached XP level 27. HP: 167/190 MP: 0/0
 59082 | Zot:2    | Learned a level 9 spell: Polar Vortex
 59091 | Zot:2    | Noticed an orb of fire
 59096 | Zot:2    | Killed an orb of fire
 60076 | Zot:3    | Noticed an orb of fire
 60078 | Zot:3    | Gained mutation: You frequently scream uncontrollably at
                  | your foes. [an orb of fire]
 60080 | Zot:3    | Killed an orb of fire
 60332 | Zot:3    | Reached skill level 13 in Invocations
 60667 | Zot:3    | Identified the +11 arbalest "Concordance" {drain, ^Contam
                  | +Blink rElec Int+5}
 60667 | Zot:3    | Found the +4 dragonskin cloak {Aegis}
 60667 | Zot:3    | Noticed Tiamat
 61411 | Zot:3    | Killed Tiamat
 61412 | Zot:3    | Reached skill level 14 in Invocations
 62135 | Zot:4    | Reached skill level 15 in Invocations
 62415 | Zot:4    | Found the +6 Majin-Bo {spellvamp, MP+6 Int+6}
 62919 | Zot:4    | Reached skill level 16 in Invocations
 63004 | Zot:5    | Entered Level 5 of the Realm of Zot
 63030 | Zot:5    | Noticed a Killer Klown
 63044 | Zot:4    | Killed a Killer Klown
 63236 | Zot:5    | Identified the granite talisman "Litzi" {rF+ rC++ rCorr
                  | MP+9}
 63956 | Zot:5    | Reached skill level 17 in Invocations
 64082 | Zot:5    | Noticed an ancient lich
 64092 | Zot:5    | Killed an ancient lich
 64258 | Zot:5    | Noticed a Killer Klown
 64269 | Zot:5    | Noticed an orb of fire
 64271 | Zot:5    | Killed a Killer Klown
 64271 | Zot:5    | Noticed an orb of fire
 64272 | Zot:5    | Noticed an orb of fire
 64273 | Zot:5    | Killed an orb of fire
 64273 | Zot:5    | Noticed an orb of fire
 64274 | Zot:5    | Noticed an orb of fire
 64369 | Zot:4    | Killed an orb of fire
 64880 | Slime:1  | Entered Level 1 of the Pits of Slime
 64894 | Slime:1  | Reached skill level 18 in Invocations
 65043 | Slime:1  | You are sucked into a shaft and drop 1 floor!
 65364 | Slime:2  | Reached skill level 19 in Invocations
 66344 | Slime:5  | Entered Level 5 of the Pits of Slime
 66843 | Slime:5  | Gained mutation: You occasionally lose the ability to drink
                  | potions when taking damage. [a shining eye]
 66849 | Slime:5  | Lost mutation: You frequently scream uncontrollably at your
                  | foes. [potion of mutation]
 66849 | Slime:5  | Lost mutation: You occasionally lose the ability to drink
                  | potions when taking damage. [potion of mutation]
 66849 | Slime:5  | Gained mutation: Your health recovers twice as slowly from
                  | being drained. [potion of mutation]
 66849 | Slime:5  | Gained mutation: Your muscles are strong. (Str +4, Int/Dex
                  | -1) [potion of mutation]
 66858 | Slime:5  | Reached skill level 20 in Invocations
 66952 | Slime:5  | Noticed the Royal Jelly
 66959 | Slime:5  | Killed the Royal Jelly
 67313 | Slime:5  | Identified the +1 robe "Sauzuh" {Slay+3}
 67317 | Slime:5  | Got a slimy rune of Zot
 67318 | Slime:5  | Identified the ring "Quuhyfes" {AC+4 Dex+4 Stlth-}
 67349 | Slime:5  | Identified the ring "Nunawkom" {EV+5 Dex+2}
 67827 | Hell     | Entered the Vestibule of Hell
 67827 | Hell     | Noticed Geryon
 67833 | Hell     | Noticed Murray
 67835 | Hell     | Killed Murray
 67837 | Hell     | Reached skill level 21 in Invocations
 67839 | Hell     | Killed Geryon
 68198 | Hell     | Found a gateway to the Iron City of Dis.
 68263 | Hell     | Found a gateway to the ashen valley of Gehenna.
 68349 | Hell     | Reached skill level 22 in Invocations
 68367 | Hell     | Found a gateway to the decaying netherworld of Tartarus.
 68422 | Hell     | Found a gateway to the freezing wastes of Cocytus.
 68728 | Zot:5    | Noticed an orb of fire
 68728 | Zot:5    | Noticed an orb of fire
 68728 | Zot:5    | Noticed an orb of fire
 68729 | Zot:5    | Lost mutation: Your muscles are strong. (Str +4, Int/Dex
                  | -1) [an orb of fire]
 68729 | Zot:5    | Gained mutation: You frequently scream uncontrollably at
                  | your foes. [an orb of fire]
 68744 | Zot:4    | Killed an orb of fire
 68784 | Zot:5    | Killed an orb of fire
 68784 | Zot:5    | Killed an orb of fire
 68819 | Zot:5    | Gained mutation: You occasionally lose the ability to drink
                  | potions when taking damage. [an orb of fire]
 68821 | Zot:5    | Gained mutation: You do not regenerate when monsters are
                  | visible. [an orb of fire]
 68822 | Zot:5    | Killed an orb of fire
 68822 | Zot:5    | Killed an orb of fire
 68824 | Zot:5    | Noticed a Killer Klown
 68824 | Zot:5    | Gained mutation: You occasionally lose the ability to read
                  | scrolls when taking damage. [an orb of fire]
 68825 | Zot:5    | Noticed an orb of fire
 68940 | Zot:5    | Killed a Killer Klown
 68940 | Zot:5    | Killed an orb of fire
 68944 | Zot:5    | Killed an orb of fire
 68953 | Zot:5    | Reached skill level 23 in Invocations
 68988 | Zot:4    | Lost mutation: Your health recovers twice as slowly from
                  | being drained. [potion of mutation]
 68988 | Zot:4    | Lost mutation: You occasionally lose the ability to read
                  | scrolls when taking damage. [potion of mutation]
 68988 | Zot:4    | Gained mutation: You possess an exceptional clarity of
                  | mind. [potion of mutation]
 68988 | Zot:4    | Lost mutation: You occasionally lose the ability to drink
                  | potions when taking damage. [potion of mutation]
 68988 | Zot:4    | Gained mutation: You expend health (3 HP) to strengthen
                  | your wands. [potion of mutation]
 68989 | Zot:4    | Lost mutation: You frequently scream uncontrollably at your
                  | foes. [potion of mutation]
 68989 | Zot:4    | Lost mutation: You do not regenerate when monsters are
                  | visible. [potion of mutation]
 68989 | Zot:4    | Lost mutation: You expend health (3 HP) to strengthen your
                  | wands. [potion of mutation]
 68989 | Zot:4    | Lost mutation: You possess an exceptional clarity of mind.
                  | [potion of mutation]
 68989 | Zot:4    | Gained mutation: You possess an exceptional clarity of
                  | mind. [potion of mutation]
 69389 | Zot:5    | Noticed a Killer Klown
 69396 | Zot:5    | Killed a Killer Klown
 69694 | Zot:5    | Reached skill level 24 in Invocations
 69875 | Zot:5    | Noticed an ancient lich
 69887 | Zot:5    | Killed an ancient lich
 70078 | Zot:5    | Got the Orb of Zot
 70419 | D:12     | Noticed Weleugimm the pandemonium lord
 70619 | D:$      | Escaped with the Orb!

Illustrated notes

Levels and vault maps discovered:
D:1:      psy_arrival_spokes, layout_basic, hangedman_decor_opposing,
          grunt_decor_cap
D:2:      layout_basic, uniq_terence
D:3:      layout_basic, slow_altar_1, ebering_ghost_disaster_area,
          ebering_ecumenical_altar_mist
D:4:      layout_loops_ring, gup_sewer_entry_glass, nicolae_hexahallways
D:5:      layout_gridville, minmay_temple_entry_from_below_a,
          ebering_ghost_sewer_d
D:6:      layout_rooms, xom_teletrap_fun, sigmund_army, uniq_pikel
D:7:      layout_rooms, serial_library_hellmonk_u_bend, uniq_menkaure
D:8:      minmay_goldmine, layout_layer_cave, erik_lair_island, enter_bailey_5,
          gammafunk_ghost_abyssal_escape, uniq_joseph
D:9:      gammafunk_boulding_lane, layout_cave_pools,
          mainiacjoe_overflow_small_starburst, trog_hazing_becter, serial_shops,
          nicolae_shop_bloodbath_and_beyond, eino_tiny_chamber, nicolae_wwwww,
          nicolae_diode_basic
D:10:     layout_long_grid, amcnicky_altar_gilded, eino_jars
D:11:     layout_long_grid
D:12:     layout_gridville, chequers_serial_rivers_room_b
D:13:     layout_gridville, grunt_vaults_entry_tiered,
          portal_ice_cave_entry_animals_and_master, small_chamber_with_monster
D:14:     layout_basic, roderic_roman_lattice, okawaru_gym_becter
D:15:     hangedman_depths_entry_civil_slaughter, layout_long_grid,
          chequers_serial_rivers_micro_b
Lair:1:   layout_gridlike, ebering_ghost_disaster_area, beast_lair_carwin_5,
          grunt_megastairs_3
Lair:2:   layout_regular_city, nicolae_shoals_entry_roost, minivault_19,
          roderic_carrion_pond
Lair:3:   layout_cave_pods, guppyfry_snake_entry_garden
Lair:4:   layout_concentric_octagons
Lair:5:   grunt_lair_end_beastmaster, layout_regular_city,
          minmay_slime_entry_pillars, grunt_forest_large_clearing_hut
Shoals:1: layout_shoals
Shoals:2: layout_shoals, uniq_mlioglotl
Shoals:3: layout_shoals, serial_shops, shop, nicolae_stop_n_shop_1,
          minmay_shop_mass
Shoals:4: shoals_end_grunt_ice, layout_shoals,
          nicolae_shoals_kraken_intersection
Snake:1:  kennysheep_snake, layout_misc_corridors, serial_shops, shop,
          serial_library_hellmonk_open_square, grunt_ministairs_13,
          minmay_shop_star, uniq_jorgrun
Snake:2:  layout_grid_maze, basic_altar, nicolae_letterblocks
          [nicolae_letter_subblock, nicolae_letter_subblock,
          nicolae_letter_subblock, nicolae_letter_subblock,
          nicolae_letter_subblock, nicolae_letter_subblock,
          nicolae_letter_subblock, nicolae_letter_subblock,
          nicolae_letter_subblock, nicolae_letter_subblock,
          nicolae_letter_subblock, nicolae_letter_subblock,
          nicolae_letter_subblock, nicolae_letter_subblock,
          nicolae_letter_subblock, nicolae_letter_subblock,
          nicolae_letter_subblock, nicolae_letter_subblock,
          nicolae_letter_subblock, nicolae_letter_subblock,
          nicolae_letter_subblock, nicolae_letter_subblock,
          nicolae_letter_subblock, nicolae_letter_subblock,
          nicolae_letter_subblock], uniq_aizul, uniq_donald
Snake:3:  layout_cave_town, grunt_megastairs_5, lemuel_fruit_tree, uniq_vashnia,
          uniq_nikola
Snake:4:  grunt_snake_rune_spirals, layout_onion, nicolae_snake_springs
Slime:1:  layout_caves
Slime:2:  layout_caves, nicolae_slime_getting_an_eyeful
Slime:3:  layout_caves
Slime:4:  layout_caves
Slime:5:  slime_pit_nicolae_royal_road_to_ruin
Orc:1:    layout_caves, nicolae_shop_overcharged_wands
Orc:2:    hellmonk_orc_salted, layout_diamond_mine, serial_shops,
          shop_fountains, uniq_nessos
Elf:1:    nicolae_elf_arrival_dilemma, layout_loops_corners,
          hangedman_elven_crosses_minicolossus
Elf:2:    elven_hall_of_blades_hangedman_alternative [grunt_blade_entry_basic],
          layout_loops_cross, trove_entry_hex_spiral
Elf:3:    elf_hall, layout_geoelf_grid, basic_altar, hangedman_elf_simple_split
Vaults:1: hangedman_vaults_capsules, nicolae_vaults_shipping_containers_3,
          nicolae_vaults_trapezoid_lopsided_1, nicolae_vaults_network_s,
          nicolae_vaults_sesquioval_fish, ontoclasm_vaults_gateway,
          nicolae_vaults_taking_the_gang_shopping,
          nicolae_vaults_little_squares_6, v_misc_29,
          nicolae_vaults_network_barrier, nicolae_vaults_house_2, v_misc_8,
          nicolae_vaults_apartment_1, layout_vaults_maze_snakey, serial_shops,
          nicolae_shop_trees, shop_statue, shop, shop, shop_fountains
Vaults:2: vaults_room_pool, nicolae_vaults_tangram_1, v_rooms_1, v_misc_12,
          nicolae_vaults_trapezoid_lopsided_4,
          minmay_crypt_entry_simple_corners, hangedman_vaults_corner,
          nicolae_vaults_trapezoid_4, v_misc_1, nicolae_vaults_tetromino_L_1,
          ontoclasm_vaults_ligature, vaults_dpeg_diagonal,
          hangedman_vaults_river_flow, dpeg_vaults_monster_row,
          layout_vaults_omnibox, serial_shops, shop
Vaults:3: nicolae_vaults_house_1, nicolae_vaults_bisected_inception,
          nicolae_vaults_c_with_doors, vaults_room_hallway, vaults_dpeg_hooks,
          nicolae_vaults_swerve, v_misc_23, grunt_vaults_focal, v_alt_pattern_5,
          nicolae_vaults_trapezoid_lopsided_2, v_misc_18,
          nicolae_vaults_closet_pinwheel_1, grunt_vaults_hallway_short,
          ontoclasm_vaults_pinch, nicolae_vaults_wine_cellar,
          layout_vaults_ring, uniq_frederick
Vaults:4: dpeg_vaults_pockets_of_resistance,
          nicolae_vaults_trapezoid_lopsided_1, v_misc_26,
          nicolae_vaults_shelves_hall, nicolae_vaults_door_testing_chamber,
          vaults_mumra_hex, nicolae_vaults_rhombus_5, hangedman_vaults_snaps,
          nicolae_vaults_sesquioval_fish, nicolae_vaults_sightless_eye,
          layout_vaults_omnicross, uniq_saint_roka
Vaults:5: uniq_margery
Depths:1: layout_honeycomb, lightli_enter_wizlab_magi_temple, serial_shops,
          kennysheep_little_box, nicolae_shop_pleasant_corner_grove, shop,
          kennysheep_mini_moat, shop, nicolae_gozag_seed_capital, hell_entry,
          kennysheep_generic_room_14
Depths:2: cheibrodos_hall_of_evolution, layout_cave_pools,
          rand_demon_pan_entry_3, hell_entry
Depths:3: due_jory_tower, layout_cave_pools, enter_ziggurat_e,
          evilmike_ruin_ashenzari, abyss_entry, pan_entry, hangedman_geh_valley,
          serial_column_ruins, column_ruins_square_medium,
          column_ruins_hut_ruined, column_ruins_grid_2, column_ruins_open_tiny,
          column_ruins_columns_straight, column_ruins_open_small, hex_tiny,
          minmay_holes, st_stairs_13
Depths:4: grunt_zot_entry_hairpin, layout_basic, hangedman_tar_grid_catacomb,
          serial_bayou, serial_bayou_pond_b, serial_bayou_ford_a,
          serial_bayou_crossing, serial_bayou_pond_d, nicolae_specific_store,
          uniq_mennas
Hell
Zot:1:    layout_basic
Zot:2:    layout_cathedral_of_symmetry, hangedman_zot_decor_tridents,
          regret_index_zotdec_twisting_globes
Zot:3:    layout_misc_corridors, regret_index_zotdec_stipple_waver,
          st_grand_hoard_of_tiamat
Zot:4:    layout_basic, st_small_dragon_hoard_2
Zot:5:    layout_onion

Skill      XL: |  1  2  3  4  5  6  7  8  9 10 11 12 13 14 15 16 17 18 19 20 21 22 23 24 25 26 27 |
---------------+----------------------------------------------------------------------------------+-----
Spellcasting   | 3 4 5 7 9 10 11 12 14 15 17 18 20 22 23 | 23.7
Conjurations   | 3 4 5 7 9 10 11 12 14 15 17 18 20 22 23 | 23.7
Hexes          | 3 4 5 7 9 10 11 12 14 15 17 18 20 22 23 | 23.7
Summonings     | 3 4 5 7 9 10 11 12 14 15 17 18 20 22 23 | 23.7
Necromancy     | 3 4 5 7 9 10 11 12 14 15 17 18 20 22 23 | 23.7
Translocations | 3 4 5 7 9 10 11 12 14 15 17 18 20 22 23 | 23.7
Fire Magic     | 3 4 5 7 9 10 11 12 14 15 17 18 20 22 23 | 23.7
Ice Magic      | 3 4 5 7 9 10 11 12 14 15 17 18 20 22 23 | 23.7
Air Magic      | 3 4 5 7 9 10 11 12 14 15 17 18 20 22 23 | 23.7
Earth Magic    | 3 4 5 7 9 10 11 12 14 15 17 18 20 22 23 | 23.7
Alchemy        | 3 4 5 7 9 10 11 12 14 15 17 18 20 22 23 | 23.7
Long Blades    | 2 3 4 5 6 9 11 13 16 | 16.0
Stealth        | 1 2 3 4 |  4.0
Invocations    | 4 7 8 9 10 12 24 | 24.0
Fighting       | 4 5 9 10 12 14 15 | 15.6
Armour         | 6 11 12 13 | 13.0
Dodging        | 8 10 12 13 14 15 | 15.0
Shields        | 4 7 10 11 12 16 17 | 17.9
Evocations     | 3 5 7 9 |  9.0
Throwing       | |  0.7

Action                     |  1- 3 |  4- 6 |  7- 9 | 10-12 | 13-15 | 16-18 | 19-21 | 22-24 | 25-27 || total
---------------------------+-------+-------+-------+-------+-------+-------+-------+-------+-------++-------
  Melee: Falchion          |   100 |   245 |    64 |    10 |       |       |       |       |       ||   419
         Scimitar          |       |       |       |    70 |   278 |   158 |    54 |       |       ||   560
         Double sword      |       |       |       |       |       |       |   602 |   480 |   527 ||  1609
  Throw: Dart              |       |       |       |     8 |     2 |     2 |     1 |       |       ||    13
         Throwing net      |       |       |       |       |     2 |     1 |       |       |       ||     3
   Cast: Mercury Vapours   |       |     8 |     5 |    13 |    20 |       |     2 |       |       ||    48
         Foxfire           |       |    10 |       |       |       |       |       |       |       ||    10
         Stone Arrow       |       |       |    85 |   309 |   467 |   672 |   316 |       |       ||  1849
         Maxwell's Portabl |       |       |     1 |       |       |       |       |       |       ||     1
         Vhi's Electric Ch |       |       |       |     1 |       |       |    55 |    31 |    18 ||   105
         Iskenderun's Myst |       |       |       |     1 |     2 |    45 |    12 |       |       ||    60
         Curse of Agony    |       |       |       |       |     1 |     4 |     1 |     1 |     4 ||    11
         Death Channel     |       |       |       |       |       |     3 |    38 |    16 |     5 ||    62
         Petrify           |       |       |       |       |       |     4 |       |       |       ||     4
         Dispersal         |       |       |       |       |       |       |     2 |       |       ||     2
         Enfeeble          |       |       |       |       |       |       |    29 |    11 |    19 ||    59
         Ignition          |       |       |       |       |       |       |       |     6 |    55 ||    61
         Magnavolt         |       |       |       |       |       |       |       |   347 |   463 ||   810
         Shatter           |       |       |       |       |       |       |       |       |    42 ||    42
         Polar Vortex      |       |       |       |       |       |       |       |       |    65 ||    65
 Invoke: Slouch            |       |       |       |       |     8 |     7 |     7 |       |    27 ||    49
         Step From Time    |       |       |       |       |     1 |       |     1 |       |       ||     2
  Evoke: Wand              |       |       |     1 |     4 |    12 |     8 |     8 |     1 |     4 ||    38
         Lightning rod     |       |       |       |       |     3 |     6 |     7 |       |     3 ||    19
         Sack of spiders   |       |       |       |       |       |     1 |     2 |       |     3 ||     6
         Phantom mirror    |       |       |       |       |       |       |       |     1 |       ||     1
    Use: Scroll            |     3 |     5 |       |     6 |     7 |     9 |    20 |     4 |     9 ||    63
         Potion            |       |       |       |       |       |     2 |     4 |     1 |     7 ||    14
   Stab: Sleeping          |     2 |     6 |       |       |       |       |     1 |     2 |     4 ||    15
         Petrified         |       |       |       |       |     5 |     8 |       |       |       ||    13
         Petrifying        |       |       |       |       |     2 |       |       |       |       ||     2
         Distracted        |       |       |       |       |       |     2 |     6 |     8 |     3 ||    19
         Invisible         |       |       |       |       |       |       |    17 |     6 |     2 ||    25
 Armour: Leather armour    |    56 |    75 |       |       |       |       |       |       |       ||   131
         Ring mail         |       |    70 |    82 |   231 |   310 |   442 |   337 |   111 |   333 ||  1916
         Plate armour      |       |       |       |    33 |       |       |       |       |       ||    33
  Dodge: Dodged            |    52 |   127 |    57 |   141 |   503 |   441 |   379 |   212 |   379 ||  2291
  Block: Buckler           |       |       |       |       |   267 |   238 |       |       |       ||   505
         Reflection        |       |       |       |       |     7 |    60 |       |       |       ||    67
         Tower shield      |       |       |       |       |       |    68 |   982 |   663 |   932 ||  2645
Riposte: Double sword      |       |       |       |       |       |       |       |       |   230 ||   230
         Bo                |       |       |       |       |       |       |       |       |     1 ||     1

Table legend: (Time is in decaauts)
 A = Elapsed time spent in this place.
 B = Non-inter-level travel time spent in this place.
 C = Inter-level travel time spent in this place.
 D = Time resting spent in this place.
 E = Time spent auto-exploring this place.
 F = Levels seen in this place.
 G = Mean time per level.
                   A        B        C        D        E       F      G
               +--------+--------+--------+--------+--------+-----+--------+
         Total | 108933 |  95346 |  13587 |  14472 |  63649 |  58 | 1878.2 |
       Dungeon |  25799 |  20532 |   5267 |   2284 |  14774 |  15 | 1719.9 |
          Lair |  10378 |   8659 |   1719 |    724 |   6658 |   5 | 2075.6 |
        Shoals |   6900 |   6556 |    344 |    228 |   5291 |   4 | 1725.0 |
     Snake Pit |   9225 |   8665 |    560 |   1394 |   5310 |   4 | 2306.2 |
    Slime Pits |   4120 |   3880 |    240 |    527 |   2681 |   5 |  824.0 |
  Orcish Mines |   3931 |   3292 |    639 |    879 |   1913 |   2 | 1965.5 |
   Elven Halls |   8103 |   7473 |    630 |   1980 |   4152 |   3 | 2701.0 |
        Vaults |  12359 |  11624 |    735 |   1514 |   8330 |   5 | 2471.8 |
        Depths |  10265 |   8309 |   1956 |   1625 |   5435 |   4 | 2566.2 |
          Hell |    973 |    930 |     43 |    113 |    569 |   1 |  973.0 |
           Zot |  13412 |  11961 |   1451 |   2911 |   7219 |   5 | 2682.4 |
         Abyss |    936 |    936 |      0 |     64 |      0 |   1 |  936.0 |
         Trove |    298 |    298 |      0 |      0 |    235 |   1 |  298.0 |
         Sewer |    788 |    788 |      0 |     13 |    452 |   1 |  788.0 |
        Bailey |    952 |    952 |      0 |    134 |    415 |   1 |  952.0 |
        Wizlab |    487 |    487 |      0 |     79 |    212 |   1 |  487.0 |
               +--------+--------+--------+--------+--------+-----+--------+

Top non-repeatable levels by time:
   Elf:3: 3641 daAuts
Vaults:4: 3248 daAuts
   Zot:5: 3175 daAuts
   Zot:2: 3174 daAuts
Depths:4: 3111 daAuts
   Orc:2: 3097 daAuts
   Zot:3: 3078 daAuts
     D:8: 2824 daAuts
    D:13: 2713 daAuts
Depths:3: 2657 daAuts
    D:10: 2654 daAuts
Vaults:5: 2628 daAuts
  Lair:5: 2547 daAuts
 Snake:1: 2496 daAuts
 Snake:3: 2463 daAuts
